 Dungeon Crawl Stone Soup version 0.28-a0-1348-g050f3537b9 (webtiles) character file.

Game seed: 15403787075744327054

30 Deminshera the Chucker (level 3, -1/39 HPs)
             Began as an Ogre Hunter on Dec 30, 2021.
             Slain by an adder (4 damage)
             ... on level 2 of the Dungeon.
             The game lasted 00:01:55 (1763 turns).

Deminshera the Chucker (Ogre Hunter)                Turns: 1763, Time: 00:01:56

Health: -1/39      AC:  3    Str: 18    XL:     3   Next: 18%
Magic:  3/3        EV:  4    Int: 12    God:
Gold:   38         SH:  9    Dex:  9    Spells: 2/2 levels left

rFire   . . .      SeeInvis .   k - +0 whip
rCold   . . .      Faith    .   l - +0 tower shield
rNeg    . . .      Spirit   .   b - +0 robe
rPois   .          Reflect  .   (helmet restricted)
rElec   .          Harm     .   (no cloak)
rCorr   .          Rampage  .   (gloves unavailable)
Will    .....                   (boots unavailable)
Stlth   +.........              (no amulet)
HPRegen 0.13/turn               (no ring)
MPRegen 0.08/turn               (no ring)

@: lethally poisoned (-1 -> -3)
A: large, unfitting armour, tough skin 1
a: no special abilities


You were on level 2 of the Dungeon.
You visited 1 branch of the dungeon, and saw 2 of its levels.

You collected 38 gold pieces.

Inventory:

Hand Weapons
 k - a +0 whip (weapon)
Missiles
 c - a large rock (quivered)
 d - 2 throwing nets
 i - 12 poisoned darts
Armour
 b - a +0 robe (worn)
 l - a +0 tower shield (worn)
Scrolls
 a - a scroll of acquirement {unknown}
 e - a scroll of enchant armour {unknown}
 g - a scroll of identify {unknown}
 j - a scroll of summoning {unknown}
Potions
 f - a potion of attraction {unknown}
 h - 2 potions of curing {unknown}


   Skills:
 * Level 4.2 Fighting
 + Level 4.3 Throwing
 - Level 1.7 Dodging
 - Level 0.6 Stealth
 + Level 0.0 Shields


You had 2 spell levels left.
You didn't know any spells.
Your spell library contained the following spells:

 Spells                   Type           Power      Damage    Failure   Level
 Scorch                   Fire           0%         2d5       100%        2
 Flame Wave               Conj/Fire      0%         2d4       100%        4
 Summon Cactus Giant      Summ           0%         N/A       100%        6


Dungeon Overview and Level Annotations

Branches:
Dungeon (2/15)

Altars:


Innate Abilities, Weirdness & Mutations

You are too large for most types of armour.
You have tough skin. (AC +1)


Message History

Throw: 13 darts (poison)
Press: ? - help, Q - select action, (/) - cycle Shift-Dir - straight line, f - adder
Aim: an adder (lightly wounded, 40% to hit)
You throw a poisoned dart.
The poisoned dart closely misses the adder.
You feel sick. You block the adder's attack. x2
Throw: 5 large rocks
Press: ? - help, Q - select action, (/) - cycle Shift-Dir - straight line, f/p - adder
Aim: an adder (lightly wounded, 38% to hit)
You throw a large rock.
The large rock closely misses the adder.
You feel sick.
The adder bites you but does no damage. x3
Throw: 4 large rocks
Press: ? - help, Q - select action, (/) - cycle Shift-Dir - straight line, f/p - adder
Aim: an adder (lightly wounded, 35% to hit)
You throw a large rock. The large rock misses the adder.
You feel very sick.
You are no longer poisoned.
The adder bites you.
You are poisoned.
The adder poisons you! You block the adder's attack. x2
Throw: 3 large rocks
Press: ? - help, Q - select action, (/) - cycle Shift-Dir - straight line, f/p - adder
Aim: an adder (lightly wounded, 35% to hit)
You throw a large rock.
The large rock closely misses the adder.
You feel very sick. The adder bites you but does no damage.
The adder bites you.
* * * LOW HITPOINT WARNING * * *
The adder bites you.
* * * LOW HITPOINT WARNING * * *
You are more poisoned.
The adder poisons you!
Throw: 2 large rocks
Press: ? - help, Q - select action, (/) - cycle Shift-Dir - straight line, f/p - adder
Aim: an adder (lightly wounded, 35% to hit)
You throw a large rock. The large rock barely misses the adder.
* * * LOW HITPOINT WARNING * * *
You feel sick. The adder bites you.
You die...

#..####...##.#.#
#.........##....
#.........####..
#.........# #..#
.#####.......#†#
..#
.................
.#
#####..######..##
.#####..# ...#
.......@# .#.#
.......S# ....
.#####..# <....
#..# .... ##^..
.... ###..


You could see an adder.

Vanquished Creatures
  A worm (D:2)
  3 endoplasms (D:1)
  3 hobgoblins (D:1)
  6 jackals (D:1)
  A bat (D:1)
  A frilled lizard (D:1)
  3 goblins
  3 kobolds (D:1)
  4 rats
25 creatures vanquished.

Notes
Turn   | Place    | Note
-------+----------+-------------------------------------------
     0 | D:1      | Deminshera the Ogre Hunter began the quest for the Orb.
     0 | D:1      | Reached XP level 1. HP: 22/22 MP: 1/1
   676 | D:1      | Reached XP level 2. HP: 29/31 MP: 2/2
   855 | D:1      | Found a faded altar of an unknown god.
  1252 | D:1      | Reached XP level 3. HP: 35/39 MP: 3/3
  1763 | D:2      | Slain by an adder

Illustrated notes

Levels and vault maps discovered:
D:1:      dpeg_arrival_shrine, layout_loops_ring,
          shapermc_ecumenical_altar_mp_highgroup
D:2:      layout_basic

Skill      XL: |  1  2 |
---------------+-------+-----
Fighting       | 3 4 |  4.2
Throwing       | |  4.3
Dodging        | |  1.7
Stealth        | |  0.6

Action                   || total
-------------------------++-------
Melee: Short sword       ||    74
       Whip              ||    19
Throw: Dart              ||     7
       Large rock        ||     4
Armor: Robe              ||    37
Dodge: Dodged            ||    41
Block: Tower shield      ||    13

Table legend: (Time is in decaauts)
 A = Elapsed time spent in this place.
 B = Non-inter-level travel time spent in this place.
 C = Inter-level travel time spent in this place.
 D = Time resting spent in this place.
 E = Time spent auto-exploring this place.
 F = Levels seen in this place.
 G = Mean time per level.
                   A        B        C        D        E       F      G
               +--------+--------+--------+--------+--------+-----+--------+
         Total |   1780 |   1617 |    163 |    451 |    933 |   2 |  890.0 |
       Dungeon |   1780 |   1617 |    163 |    451 |    933 |   2 |  890.0 |
               +--------+--------+--------+--------+--------+-----+--------+

Top non-repeatable levels by time:
     D:1: 1570 daAuts
     D:2: 209 daAuts
